Map: Frozen Temple

Players

EndOfLine

  • Race: Zerg Zerg
  • League: Grandmaster

Pokebunny - Winner!

  • Race: Terran Terran
  • League: Grandmaster

VOD

Have the link to the VOD?

Description

Time

  • Played on: April 7, 2016, 1:23 a.m.
  • Length: 8:03
Show
View Real Time Build Order
Export as new Build Order

EndOfLine Zerg 

Build Orders: Hatch First 

Get SALT Encoding   

  12  0:01  Drone  
  13  0:08  Drone  
  14  0:24  Overlord  
  14  0:26  Extractor  
  14  0:27  Drone, Extractor  
  13  0:31  Drone  
  16  0:43  Drone  
  17  0:57  Hatchery  
  17  1:00  Drone  
  17  1:03  Drone  
  18  1:14  Extractor  
  17  1:18  Spawning Pool  
  17  1:21  Drone  
  17  1:24  Drone  
  18  1:36  Drone  
  18  1:39  Drone  
  20  1:50  Overlord  
  20  2:05  Queen  
  22  2:08  Queen  
  22  2:09  Zergling x4  
  26  2:16  Metabolic Boost  
  26  2:18  Zergling x2  
  26  2:21  Drone  
  28  2:37  Drone  
  28  2:38  Drone x2  
  31  2:50  Overlord  
  31  2:51  Drone  
  31  2:53  Drone  
  31  2:56  Drone  
  34  3:02  Drone  
  35  3:07  Overlord  
  35  3:13  Drone  
  36  3:21  Zergling x4  
  36  3:22  Drone x5  
  36  3:26  Roach Warren  
  42  3:29  Evolution Chamber  
  42  3:31  Evolution Chamber  
  42  3:32  Drone x2  
  42  3:48  Drone  
  42  3:49  Drone  
  42  3:52  Drone x4  
  42  3:53  Drone x3  
  51  3:56  Lair  
  51  3:58  Extractor  
  51  4:00  Extractor  
  49  4:03  Overlord  
  49  4:05  Drone  
  50  4:10  Overlord  
  50  4:12  Extractor  
  50  4:14  Drone  
  50  4:17  Roach  
  50  4:23  Roach x2  
  56  4:26  Overlord  
  56  4:28  Drone x2  
  56  4:29  Zerg Missile Weapons Level 1  
  58  4:32  Drone x2  
  58  4:35  Drone  
  61  4:40  Zerg Ground Armor Level 1  
  61  4:43  Overlord  
  61  4:51  Drone  
  62  4:57  Drone  
  62  4:58  Hydralisk Den  
  61  5:00  Roach x4  
  61  5:02  Zergling x2  
  61  5:04  Roach  
  72  5:08  Roach  
  74  5:14  Glial Reconstitution  
  74  5:19  Roach  
  74  5:20  Roach  
  73  5:22  Roach  
  71  5:32  Overlord x3  
  67  5:45  Overlord x2  
  67  5:51  Hydralisk x4  
  67  5:52  Hydralisk  
  77  5:59  Hydralisk  
  79  6:05  Roach  
  79  6:06  Hatchery  
  80  6:16  Spore Crawler  
  80  6:17  Drone  
  80  6:18  Drone, Spore Crawler  
  80  6:26  Drone, Muscular Augments  
  80  6:28  Roach x3  
  80  6:31  Hydralisk  
  89  6:38  Drone  
  89  6:39  Drone x4  
  94  6:42  Roach  
  94  6:46  Roach  
  98  6:54  Roach x2  
  98  6:55  Roach x2  
  104  7:03  Roach x2  
  106  7:11  Roach  
  100  7:18  Hatchery  
  100  7:20  Roach  
  100  7:21  Roach x3  
  107  7:24  Roach x2  
  107  7:28  Roach  
  107  7:29  Roach x2  
  87  7:35  Roach  
  89  7:38  Roach  
Show
View Real Time Build Order
Export as new Build Order

Pokebunny Terran - Winner!

Build Orders: Reaper Expand, MMM Bio 

Get SALT Encoding   

  12  0:01  SCV  
  13  0:13  SCV  
  14  0:19  Supply Depot  
  14  0:25  SCV  
  15  0:40  SCV  
  15  0:41  Barracks  
  16  0:44  Refinery  
  16  0:52  SCV  
  17  1:04  SCV  
  18  1:17  SCV  
  19  1:28  Reaper  
  19  1:29  Orbital Command  
  20  1:41  Command Center  
  20  1:52  Supply Depot  
  20  1:54  SCV  
  21  2:01  Barracks Reactor  
  21  2:04  Barracks  
  21  2:06  SCV  
  22  2:15  Barracks  
  22  2:19  SCV  
  23  2:26  Refinery  
  23  2:37  SCV  
  23  2:39  Marine x2  
  26  2:50  Factory  
  26  2:51  Barracks Tech Lab  
  26  2:54  Orbital Command, SCV  
  27  2:58  Marine  
  27  3:00  Marine  
  29  3:06  Marine  
  29  3:07  SCV  
  31  3:13  Stimpack  
  31  3:16  Marine  
  33  3:20  SCV  
  33  3:21  Marine  
  33  3:24  Marine  
  35  3:28  SCV  
  35  3:33  Marine  
  37  3:35  Starport  
  37  3:37  Factory Reactor  
  37  3:46  Supply Depot  
  37  3:47  SCV x2  
  39  3:49  Marine  
  39  3:50  Marine  
  39  3:54  Marine x2  
  43  3:59  SCV  
  43  4:01  Supply Depot  
  44  4:08  SCV  
  45  4:11  Engineering Bay, SCV  
  46  4:18  Medivac x2  
  46  4:23  SCV  
  46  4:24  SCV  
  52  4:26  Marine  
  52  4:27  Marine x3  
  52  4:28  Factory Tech Lab  
  56  4:31  Refinery  
  56  4:38  Terran Infantry Weapons Level 1  
  56  4:40  Supply Depot  
  56  4:44  Supply Depot  
  56  4:47  Barracks Reactor, Marine x3  
  59  4:55  SCV x2  
  61  5:01  Siege Tank  
  64  5:11  Supply Depot  
  64  5:17  Barracks  
  64  5:19  Barracks  
  60  5:30  Marine x2  
  60  5:31  Marine x3  
  60  5:33  Combat Shields  
  60  5:34  Siege Tank  
  67  5:36  SCV x2  
  67  5:39  Supply Depot  
  67  5:40  Medivac  
  71  5:48  SCV x2  
  72  5:52  Supply Depot  
  72  5:57  Supply Depot  
  72  5:58  Marine x4  
  72  6:00  Marine  
  72  6:03  Medivac  
  79  6:10  Supply Depot  
  79  6:12  Siege Tank  
  82  6:18  SCV  
  82  6:19  SCV  
  82  6:20  Supply Depot  
  82  6:23  Marine  
  82  6:24  Marine x4  
  89  6:27  Marine  
  89  6:32  Marine  
  91  6:41  Marine, Medivac  
  91  6:43  Marine x4  
  91  6:45  Marine  
  99  6:50  Marine  
  99  6:53  Siege Tank  
  103  6:59  Marine  
  103  7:01  Marine x3  
  103  7:10  Marine x2  
  103  7:11  Marine  
  105  7:17  Marine  
  105  7:18  Marine  
  105  7:19  Marine x2, Medivac  
  111  7:25  Siege Tank  
  111  7:28  Marine x2  
  106  7:31  Marine  
  106  7:34  Command Center  
  106  7:35  Supply Depot, Marine  
  108  7:41  Marine x3  
Tags
 
Add a new tag
Caveats
  • Supply blocks, unpowered buildings, or Contaminate may cause inaccurate times.
  • Supply counts are checked every 10 seconds.